 Dungeon Crawl Stone Soup version 0.31-a0-1540-g5a0b83f448 (webtiles) character file.

Game seed: 14617452335408271746

19643 Tonberry the Cleaver (level 12, -12/195 HPs)
             Began as a Troll Berserker on Jan 2, 2024.
             Was an Elder of Trog.
             Mangled by an orc warrior
             ... wielding a +0 glaive
             ... led by an orc warlord
              (22 damage)
             ... on level 1 of the Orcish Mines.
             The game lasted 00:27:49 (12180 turns).

Tonberry the Cleaver (Troll Berserker)             Turns: 12180, Time: 00:27:50

Health: -12/195    AC:  6    Str: 32    XL:     12   Next: 38%
Magic:  11/11      EV:  9    Int:  3    God:    Trog [****..]
Gold:   2012       SH:  0    Dex:  9    Spells: 11/11 levels left

rFire   . . .        F - +1 hand axe (heavy)
rCold   . . .        (no shield)
rNeg    + . .        n - +1 troll leather armour
rPois   .            (helmet restricted)
rElec   .            (no cloak)
rCorr   .            (gloves unavailable)
SInv    .            (boots unavailable)
Will    +++..        (no amulet) Stlth
                     g - ring of willpower
HPRegen 3.12/turn    f - ring of positive energy
MPRegen 0.12/turn

%: no passive effects
@: berserking, lethally poisoned (-12 -> -12), strong-willed, regenerating, very
quick
A: large, unfitting armour, claws 3, regeneration 1, shaggy fur 1, tough skin 1
a: Renounce Religion, Berserk, Trog's Hand, Brothers in Arms


You were on level 1 of the Orcish Mines.
You worshipped Trog.
Trog was greatly pleased with you.
You visited 2 branches of the dungeon, and saw 14 of its levels.

You collected 2012 gold pieces.

Inventory:

Hand Weapons
 y - a +1 vampiric hand axe
 D - a +4 scimitar of flaming
 F - a +1 heavy hand axe (weapon)
 K - a +0 war axe
Missiles
 a - a throwing net
 t - 4 silver javelins
 B - 4 large rocks
 J - 5 curare-tipped darts
 L - 6 datura-tipped darts (quivered)
Armour
 n - a +1 troll leather armour (worn)
 H - +0 steam dragon scales
Jewellery
 b - a +6 ring of intelligence
 f - a ring of positive energy (right claw)
 g - a ring of willpower (left claw)
 w - a ring of protection from fire
 x - a ring of positive energy
Talismans
 E - a maw talisman
Wands
 i - a wand of mindburst (13)
 G - a wand of digging (3)
Scrolls
 c - a scroll of brand weapon {unknown}
 d - a scroll of revelation
 e - a scroll of enchant weapon
 j - a scroll of fear
 k - a scroll of fog
 q - a scroll of silence
 u - a scroll of immolation
Potions
 h - a potion of might {unknown}
 l - 2 potions of mutation {unknown}
 m - a potion of haste {unknown}
 o - 2 potions of enlightenment
 s - 2 potions of ambrosia {unknown}
 v - 7 potions of lignification
 z - 3 potions of attraction {unknown}
 A - a potion of degeneration
 C - a potion of resistance


   Skills:
 * Level 11.0 Fighting
 - Level 14.0 Axes
 - Level 2.4 Dodging


You had 11 spell levels left.
You didn't know any spells.
Your spell library was empty.

Dungeon Overview and Level Annotations

Branches:
Dungeon (13/15)            Temple (0/1) D:6            Lair (0/5) D:11
    Orc (1/2) D:9          Vaults (0/5) D:13

Altars:
Elyvilon
Gozag
Makhleb
Okawaru
Ru
Uskayaw
Wu Jian

Shops:
Orc:1 (

Annotations:
D:7 3 runed translucent doors, SecretSquirrel's ghost, novice GrGl
D:8 Maurice


Innate Abilities, Weirdness & Mutations

You are too large for most types of armour.
You have claws for hands.
Your natural rate of healing is unusually fast.
You are covered in fur. (AC +1)
You have tough skin. (AC +1)


Message History

The orc warlord is moderately wounded.
You barely miss the orc sorcerer.
Your two-headed ogre closely misses the orc warrior.
Your two-headed ogre hits the orc warrior with a +0 giant spiked club!!!
The orc warrior dies!
Trog accepts your kill.
You slice the orc sorcerer!!
You kill the orc sorcerer!
Trog accepts your kill.
Trog appreciates your killing of a magic user.
You slash the orc warlord!
The orc warrior hits you from afar with a +0 glaive!
* * * LOW HITPOINT WARNING * * *
Your Fighting skill increases to level 11!
You slice the orc warlord!!
The orc warlord is severely wounded.
You hit the orc sorcerer but do no damage.
Your two-headed ogre barely misses the orc warrior.
Your two-headed ogre misses the orc warrior.
Something hits your two-headed ogre!
The orc sorcerer hits you but does no damage.
You are poisoned.
The orc warlord hits you with a +0 great sword!
* * * LOW HITPOINT WARNING * * *
The orc warrior hits you but does no damage.
You slash the orc warlord!
The orc warlord is severely wounded.
You closely miss the orc sorcerer.
You feel sick.
Your two-headed ogre closely misses the orc.
Your two-headed ogre hits the orc with a +0 giant spiked club!
The orc dies!
Trog accepts your kill. Something hits your two-headed ogre.
You closely miss the orc warlord.
The orc warlord is severely wounded.
You barely miss the orc sorcerer.
You feel sick.
The orc warlord hits you with a +0 great sword!
* * * LOW HITPOINT WARNING * * *
The orc warrior hits you from afar with a +0 glaive!!
You die...

######## #############
##..#.#.###.#.#.#.#...#
#........#...........$.
##...........#....$.....
.........#........).....
...#.....#.....)@)......
.........#......ooO....#
.........#.......o{)....
.#...#.#.#.#............
........###.............
.........#..............
....#...................
#.##....................
#####.>.......


You could see an orc warlord, an orc sorcerer (strong), an orc warrior (strong,
ally target) and a friendly two-headed ogre (summoned, berserk).

Vanquished Creatures
  Josephine (D:12)
  Erica (D:8)
  2 boulder beetles
  An oklob plant (Orc:1)
  An orc sorcerer (Orc:1)
  A cyclops (D:11)
  A manticore (D:12)
  A kobold blastminer (Orc:1)
  A gargoyle (D:12)
  An unseen horror (D:12)
  A komodo dragon (D:12)
  A troll (D:11)
  A hornet (D:7)
  5 slime creatures (D:12)
  5 wraiths
  14 yaks
  3 wyverns
  4 steam dragons
  11 vampire mosquitoes
  An acid dragon (D:12)
  Edmund (D:4)
  3 water moccasins
  Duvessa (D:5)
  10 ice beasts
  4 black bears
  6 orc warriors
  2 sky beasts
  10 centaurs
  A phantom (D:4)
  5 kobold brigands
  Blork the orc (D:6)
  3 bullfrogs
  3 scorpions
  8 wights
  Dowan (D:5)
  The ghost of alsoq the Covered, a weakling HuFi of Trog (D:3)
  10 killer bees
  6 electric eels
  10 howler monkeys
  5 hounds
  A jelly (D:6)
  11 orc priests
  5 bombardier beetles
  A sleepcap (D:7)
  6 iguanas
  17 orc wizards
  3 adders
  6 gnolls
  3 shadow imps
  A white imp (D:5)
  3 ufetubi (D:6)
  2 ribbon worms
  47 orcs
  9 endoplasms
  14 giant cockroaches
  7 goblins
  8 hobgoblins
  5 jackals
  15 kobolds
  9 quokkas
  5 ball pythons
  3 bats
  6 frilled lizards
  13 rats
348 creatures vanquished.

Vanquished Creatures (collateral kills)
  An orc sorcerer (Orc:1)
  A kobold demonologist (D:11)
  A troll (Orc:1)
  2 orc warriors (Orc:1)
  2 orcs (Orc:1)
7 creatures vanquished.

Vanquished Creatures (others)
  An orc wizard (Orc:1)
1 creature vanquished.

Grand Total: 356 creatures vanquished

Notes
Turn   | Place    | Note
-------+----------+-------------------------------------------
     0 | D:1      | Tonberry the Troll Berserker began the quest for the Orb.
     0 | D:1      | Reached XP level 1. HP: 22/22 MP: 0/0
    45 | D:1      | Reached XP level 2. HP: 29/29 MP: 1/1
    91 | D:1      | Reached skill level 3 in Axes
   565 | D:1      | Reached XP level 3. HP: 36/36 MP: 2/2
   572 | D:1      | Reached ** piety under Trog
  1092 | D:2      | Reached skill level 4 in Axes
  1304 | D:3      | Found a large runed translucent door.
  1304 | D:3      | Found a large runed translucent door.
  1512 | D:3      | Found a faded altar of an unknown god.
  1638 | D:3      | Noticed alsoq's ghost (weakling HuFi)
  1733 | D:3      | Reached XP level 4. HP: 40/44 MP: 3/3
  1805 | D:3      | Reached *** piety under Trog
  1866 | D:3      | Killed alsoq's ghost
  1927 | D:4      | Reached XP level 5. HP: 48/50 MP: 4/4
  2004 | D:4      | Noticed Edmund
  2015 | D:4      | Killed Edmund
  2016 | D:4      | Reached skill level 5 in Axes
  2016 | D:4      | Reached XP level 6. HP: 59/59 MP: 5/5
  2069 | D:4      | Reached skill level 6 in Axes
  2365 | D:4      | Found a white marble altar of Elyvilon.
  2419 | D:4      | Identified the +1 leather armour "Cecaqong" {rC++ Int-5}
  2778 | D:5      | Entered Level 5 of the Dungeon
  3025 | D:5      | Reached XP level 7. HP: 38/66 MP: 6/6
  3212 | D:5      | Identified the +5 spear of Purpose {flame, Dex+2}
  3225 | D:5      | Reached skill level 7 in Axes
  3247 | D:5      | Noticed Duvessa
  3247 | D:5      | Noticed Dowan
  3261 | D:5      | Killed Duvessa
  3264 | D:5      | Killed Dowan
  3366 | D:5      | Reached skill level 8 in Axes
  3397 | D:5      | Reached XP level 8. HP: 74/74 MP: 7/7
  3741 | D:6      | Found a sacrificial altar of Ru.
  3821 | D:6      | Reached skill level 9 in Axes
  3936 | D:6      | Identified the flux talisman "Garaj" {Fly rF+++ rC-}
  3945 | D:6      | Reached **** piety under Trog
  3952 | D:6      | Noticed Blork the orc
  4038 | D:7      | Noticed a slime creature
  4042 | D:7      | Noticed SecretSquirrel's ghost (novice GrGl)
  4047 | D:7      | Found a runed translucent gate.
  4066 | D:7      | Found a runed translucent gate.
  4301 | D:7      | Found a runed translucent gate.
  4375 | D:7      | Reached skill level 10 in Axes
  4434 | D:7      | Noticed a hornet
  4439 | D:7      | Paralysed by a hornet for 2 turns
  4444 | D:7      | Killed a hornet
  4445 | D:7      | Reached XP level 9. HP: 83/83 MP: 8/8
  5310 | D:6      | Found an opulent altar of Gozag.
  5415 | D:6      | Reached skill level 11 in Axes
  5500 | D:6      | Killed Blork the orc
  5725 | D:6      | Found a staircase to the Ecumenical Temple.
  6767 | D:8      | Reached skill level 12 in Axes
  6781 | D:8      | Reached XP level 10. HP: 91/91 MP: 9/9
  7010 | D:8      | Noticed Erica
  7027 | D:8      | Killed Erica
  7210 | D:8      | Noticed Maurice
  7422 | D:9      | Reached skill level 13 in Axes
  7704 | D:9      | Identified the +1 sling "Dasepow" {flame, rPois}
  7772 | D:9      | Found a staircase to the Orcish Mines.
  8244 | D:10     | Entered Level 10 of the Dungeon
  8457 | D:10     | Found a hide-covered altar of Uskayaw.
  8643 | D:10     | Found an ornate altar of the Wu Jian Council.
  8659 | D:10     | Reached skill level 14 in Axes
  8870 | D:10     | Reached XP level 11. HP: 88/100 MP: 10/10
  8934 | D:10     | Found a burning altar of Makhleb.
  9117 | D:11     | Reached skill level 5 in Fighting
  9118 | D:11     | Reached ***** piety under Trog
  9133 | D:11     | HP: 4/104 [vampire mosquito (4)]
  9612 | D:11     | Found a staircase to the Lair.
 10308 | D:11     | Identified a scroll of acquirement
 10308 | D:11     | Acquired 990 gold pieces
 10364 | D:12     | Noticed Josephine
 10369 | D:12     | Killed Josephine
 10644 | D:12     | Noticed a boulder beetle
 10658 | D:12     | Killed a boulder beetle
 10930 | D:12     | Reached XP level 12. HP: 124/124 MP: 11/11
 11081 | D:12     | Found an iron altar of Okawaru.
 11514 | D:13     | Noticed a boulder beetle
 11537 | D:13     | Killed a boulder beetle
 11538 | D:13     | Reached skill level 10 in Fighting
 11689 | D:13     | Found a gate to the Vaults.
 11689 | D:13     | Noticed a rakshasa
 11689 | D:13     | Noticed a vault guard
 11689 | D:13     | Noticed a vault guard
 11689 | D:13     | Noticed a vault guard
 11689 | D:13     | Noticed a vault guard
 11689 | D:13     | Noticed an eight-headed hydra
 11779 | Orc:1    | Entered Level 1 of the Orcish Mines
 11855 | Orc:1    | Found Itod's Weapon Shop.
 12166 | Orc:1    | Noticed an orc warlord
 12180 | Orc:1    | Mangled by an orc warrior

Illustrated notes

Levels and vault maps discovered:
D:1:      evilmike_arrival_hilbert_curve, layout_basic
D:2:      layout_rooms, minmay_rat_gold_closets
D:3:      minmay_roachtagon, layout_basic,
          hellmonk_ecumenical_altar_arch_garden, ebering_ghost_disaster_area
D:4:      layout_loops_ring, nicolae_elyvilon_temple_path, uniq_edmund
D:5:      layout_loops_ring, dreamdust_princess_bridge, minmay_quadrilaterals,
          uniq_duvessa
D:6:      layout_layer_cave, nicolae_gozag_seed_capital, hangedman_ru_absence,
          lemuel_temple_firewalk_b, serial_bayou, serial_bayou_lagoon_a,
          serial_bayou_crossing, serial_bayou_pond_b, serial_bayou_pond_e,
          serial_bayou_shore_b, serial_bayou_pond_b, uniq_blork_the_orc
D:7:      layout_layer_cave, gammafunk_ghost_split
D:8:      layout_loops_corners, nemelex_spade_bored_becter,
          kennysheep_generic_room_9, uniq_joseph, uniq_erica, uniq_maurice
D:9:      layout_basic, orc_0_dummy, serial_bayou, serial_bayou_ford_a,
          serial_bayou_pond_b, serial_bayou_pond_a, serial_bayou_shore_b
D:10:     layout_gridville, mainiacjoe_overflow_alcove_1,
          nicolae_wu_jian_wuxing_cycle, lightli_temple_of_fire
D:11:     layout_basic, minmay_lair_entry_grove
D:12:     minmay_ice_pillars, layout_loops_corners, minmay_misc_feat_tiny,
          okawaru_altar_gauntlet_db, uniq_josephine
D:13:     layout_loops_ring, lightli_vaults_fourway_checkpoint
Orc:1:    layout_caves, serial_shops, nicolae_shop_advertising_works
          [nicolae_subvault_shop_adworks], mines3_lemuel

Skill      XL: |  1  2  3  4  5  6  7  8  9 10 11 12 |
---------------+-------------------------------------+-----
Axes           | 3 4 5 6 8 10 12 14 | 14.0
Fighting       | 3 4 9 11 | 11.0
Dodging        | |  2.4

Action                     |  1- 3 |  4- 6 |  7- 9 | 10-12 || total
---------------------------+-------+-------+-------+-------++-------
  Melee: Hand axe          |   172 |   154 |   434 |   520 ||  1280
         Punch             |       |       |     2 |     3 ||     5
         Maw               |       |       |       |     1 ||     1
  Throw: Dart              |       |       |     4 |       ||     4
 Invoke: Berserk           |     2 |     5 |    14 |    20 ||    41
         Trog's Hand       |       |       |     2 |     8 ||    10
         Brothers in Arms  |       |       |       |     2 ||     2
  Evoke: Wand              |       |       |       |     5 ||     5
    Use: Potion            |       |       |     3 |     3 ||     6
         Scroll            |       |       |     6 |    13 ||    19
   Stab: Sleeping          |     1 |       |     1 |       ||     2
 Armour: Animal skin       |    97 |    82 |   259 |       ||   438
         Skin              |       |       |    57 |    39 ||    96
         Robe              |       |       |    12 |    56 ||    68
         Steam dragon scal |       |       |       |   204 ||   204
         Troll leather arm |       |       |       |   211 ||   211
  Dodge: Dodged            |    89 |    65 |   157 |   243 ||   554
         Form:             |       |       |       |     2 ||     2
         Maw               |       |       |       |     1 ||     1

Table legend: (Time is in decaauts)
 A = Elapsed time spent in this place.
 B = Non-inter-level travel time spent in this place.
 C = Inter-level travel time spent in this place.
 D = Time resting spent in this place.
 E = Time spent auto-exploring this place.
 F = Levels seen in this place.
 G = Mean time per level.
                   A        B        C        D        E       F      G
               +--------+--------+--------+--------+--------+-----+--------+
         Total |  12387 |  11498 |    889 |      0 |   8975 |  14 |  884.8 |
       Dungeon |  11985 |  11096 |    889 |      0 |   8649 |  13 |  921.9 |
  Orcish Mines |    402 |    402 |      0 |      0 |    325 |   1 |  402.0 |
               +--------+--------+--------+--------+--------+-----+--------+

Top non-repeatable levels by time:
     D:6: 1606 daAuts
     D:7: 1372 daAuts
    D:11: 1307 daAuts
    D:12: 1208 daAuts
     D:5: 1001 daAuts
     D:9: 977 daAuts
     D:4: 909 daAuts
    D:10: 893 daAuts
     D:3: 745 daAuts
     D:1: 734 daAuts
     D:2: 544 daAuts
     D:8: 495 daAuts
   Orc:1: 402 daAuts
    D:13: 189 daAuts
